AoeStats
← Zen_GSK

Arabian Desert

509206426Analyzed
1v1 RM · 7d ago on Sep 25, 2026· 36m 54s· 2 players
Game mode
Random Map
Map size
Tiny (2 player)
Population
200
Speed
Normal
Resources
Standard
Victory
Conquest
Starting age
Dark Age
Ending age
Imperial Age
RankedLock teamsTeams togetherTeam positionsShared explorationLock speedFull tech treeHidden civsTurbo modeCheats
Victory
Defeat
🇮🇳 Mongols · India
505
+14
🇪🇸 Celts · Spain
456
-14
Família Català Grande
12:46 Feudal Age
11:02 Loom
15:18 Double-Bit Axe
18:27 Man-at-Arms
Zen_GSK
10:00 Feudal Age
14:06 Double-Bit Axe
14:06 Horse Collar
17:16 Wheelbarrow
19:42 Fletching
21:48 Padded Archer Armor
24:39 Castle Age
25:09 Crossbowman
26:40 Bodkin Arrow
29:05 Forging
29:04 Scale Barding Armor
31:30 Hand Cart
32:18 Thumb Ring
35:12 Husbandry
35:22 Bloodlines
Connection lost

Rejoining the realm…

Still unreachable

The connection could not be restored.

Session expired

The server has moved on; the page needs a fresh start.